 Dungeon Crawl Stone Soup version 0.17.1-2-g5865329 (webtiles) character file.

123 Chiseanne the Gusty (level 4, -6/37 HPs)
             Began as a Centaur Air Elementalist on Jan 19, 2016.
             Mangled by an ogre
             ... wielding a +0 giant club
              (19 damage)
             ... on level 3 of the Dungeon.
             The game lasted 00:06:36 (3045 turns).

Chiseanne the Gusty (Centaur Air Elementalist)      Turns: 3045, Time: 00:06:36

Health: -6/37      AC:  7    Str: 10    XL:     4   Next: 79%
Magic:  6/6        EV:  8    Int: 15    God:
Gold:   171        SH:  0    Dex: 10    Spells: 1 memorised, 5 levels left

rFire  . . .     SeeInvis .     e - +2 hunting sling (flame)
rCold  . . .     Clarity  .     d - +1 ring mail
rNeg   . . .     SustAt   .     (no shield)
rPois  .         Gourm    .     s - +0 helmet (curse)
rElec  .         Spirit   .     (no cloak)
rCorr  .         Warding  .     (no gloves)
rMut   .         Stasis   .     (no barding)
MR     .....                    (no amulet)
Stlth  ..........               (no ring)
                                (no ring)

@: very quick, not resistant to hostile enchantments, extremely unstealthy
A: hooves 3, deformed body, speed 2, tough skin 3
a: no special abilities


You were on level 3 of the Dungeon.
You were not hungry.

You visited 1 branch of the dungeon, and saw 3 of its levels.

You collected 171 gold pieces.

Inventory:

Hand Weapons
 a - a +1 dagger of protection
 e - a +2 hunting sling of flaming (weapon)
 m - a +3 hunting sling
Missiles
 g - 2 throwing nets
 l - 30 sling bullets (quivered)
 p - 15 bolts
 r - 7 curare-tipped needles
 t - 16 arrows
Armour
 d - a +1 ring mail (worn)
 s - a cursed +0 helmet (worn)
Jewellery
 q - an uncursed ring of ice {unknown}
Wands
 v - a wand of enslavement (12)
Potions
 h - a potion of haste {unknown}
 i - a potion of cancellation {unknown}
 j - a potion of curing {unknown}
 k - a potion of beneficial mutation {unknown}
 u - a potion of agility
 w - a potion of flight {unknown}
 x - 2 potions of poison {unknown}
Books
 b - a book of Air

   Spells                             Type                      Level
   a - Shock                          Conjuration/Air              1
   b - Swiftness                      Charms/Air                   2
   c - Repel Missiles                 Charms/Air                   2
   d - Static Discharge               Conjuration/Air              3
   e - Lightning Bolt                 Conjuration/Air              5
Comestibles
 c - 2 bread rations
 f - a beef jerky
 n - a royal jelly
 o - a meat ration
 z - a chunk of flesh


   Skills:
 * Level 2.5 Fighting
 * Level 1.8 Armour
 * Level 2.2 Dodging
 - Level 1.2 Stealth
 - Level 1.5 Spellcasting
 - Level 0.8 Conjurations
 - Level 2.6 Air Magic
 * Level 0.1 Evocations


You had 5 spell levels left.
You knew the following spells:

 Your Spells              Type           Power        Failure   Level  Hunger
a - Shock                 Conj/Air       #...         30%         1    ##.....


Dungeon Overview and Level Annotations

Branches:
Dungeon (3/15)

Altars:
Cheibriados
Dithmenos


Innate Abilities, Weirdness & Mutations

You have hooves in place of feet.
Armour fits poorly on your strangely shaped body.
You cover ground very quickly.
You have extremely tough skin (AC +3).


Message History

Aim: an ogre, wielding a giant club (heavily wounded)
You shoot a sling bullet.
The sling bullet barely misses the ogre.
The sling bullet barely misses the hobgoblin.
Firing (i - inventory. (,) - cycle):
l - 32 sling bullets (quivered)
Press: ? - help, Shift-Dir - straight line, f/p - ogre
Aim: an ogre, wielding a giant club (heavily wounded)
You shoot a sling bullet. The sling bullet hits the ogre.
The sling bullet burns the ogre.
The ogre is severely wounded.
Firing (i - inventory. (,) - cycle):
l - 31 sling bullets (quivered)
Press: ? - help, Shift-Dir - straight line, f/p - ogre
Aim: an ogre, wielding a giant club (severely wounded)
You shoot a sling bullet. The sling bullet hits the ogre.
The sling bullet burns the ogre.
The ogre is severely wounded.
The ogre hits you with a giant club!! The ogre hits you with a giant club!!
Ouch! That really hurt!
You die...

### #.. #.# #.# #.#
##.####
#############......
#.@Og(........§§...
#.####.#######.#§..
#.# #.# ...#g(. #.#
#.# #.#.#(#( #.#
#.#####.#.#(.. #.#
#.##......#(.
#.####.##......#.#.
#......##......#(..
#####..##......#(..


You could see an ogre and a hobgoblin.

Vanquished Creatures
  Jessica (D:2)
  Robin (D:2)
  2 adders (D:2)
  4 worms
  3 orcs
  2 giant cockroaches (D:1)
  14 goblins
  8 hobgoblins
  A ball python (D:1)
  4 bats
  4 giant newts
  3 jackals
  3 kobolds
  7 rats
57 creatures vanquished.

Notes
Turn   | Place    | Note
--------------------------------------------------------------
     0 | D:1      | Chiseanne the Centaur Air Elementalist began the quest for the Orb.
     0 | D:1      | Reached XP level 1. HP: 14/14 MP: 3/3
   368 | D:1      | Reached skill level 1 in Fighting
   428 | D:1      | Reached XP level 2. HP: 20/23 MP: 4/4
  1275 | D:2      | Reached skill level 1 in Armour
  1578 | D:2      | Reached XP level 3. HP: 28/28 MP: 5/5
  1585 | D:2      | Noticed Robin
  2077 | D:2      | Killed Robin
  2621 | D:2      | Reached XP level 4. HP: 36/36 MP: 6/6
  2643 | D:2      | Noticed Jessica
  2647 | D:2      | Killed Jessica
  2867 | D:2      | Found a snail-covered altar of Cheibriados.
  2867 | D:2      | Found a shadowy altar of Dithmenos.
  3021 | D:3      | Noticed an ogre
  3045 | D:3      | Mangled by an ogre

Action                   |  1- 3 |  4- 6 || total
-------------------------+-------+-------++-------
Melee: Unarmed           |    65 |       ||    65
       Dagger            |   196 |       ||   196
 Fire: Hunting sling     |     4 |    48 ||    52
 Cast: Shock             |     1 |     1 ||     2
  Use: Scroll            |     6 |     1 ||     7
  Eat: Chunk             |     5 |     1 ||     6
